 Dungeon Crawl Stone Soup version 0.31-a0-217-g58bb5d79cf (webtiles) character file.

Game seed: 5929285461783527309

57 gelatine the Shooter (level 3, -6/27 HPs)
             Began as a Demonspawn Hunter on July 3, 2023.
             Mangled by a gnoll
             ... wielding a +0 spear
              (8 damage)
             ... on level 3 of the Dungeon.
             The game lasted 00:02:23 (1059 turns).

gelatine the Shooter (Demonspawn Hunter)            Turns: 1059, Time: 00:02:23

Health: -6/27      AC:  8    Str: 11    XL:     3   Next: 73%
Magic:  3/3        EV: 11    Int: 18    God:
Gold:   66         SH:  0    Dex: 18    Spells: 2/2 levels left

rFire   . . .        a - +0 shortbow
rCold   . . .        (shield currently unavailable)
rNeg    . . .        g - +3 ring mail "Diynem" {-Tele rCorr Int+8}
rPois   .            (no helmet)
rElec   .            (no cloak)
rCorr   +            (no gloves)
SInv    .            (no boots)
Will    .....        (no amulet)
Stlth   +            (no ring)
HPRegen 0.24/turn    (no ring)
MPRegen 0.08/turn

%: no teleportation
@: no status effects
A: claws 2
a: no special abilities


You were on level 3 of the Dungeon.
You visited 1 branch of the dungeon, and saw 3 of its levels.

You collected 66 gold pieces.

Inventory:

Hand Weapons
 a - a +0 shortbow (weapon)
Armour
 c - a +0 leather armour
 g - the +3 ring mail "Diynem" (worn) {-Tele rCorr Int+8}
   (You found it on level 2 of the Dungeon)

   Int:       It affects your intelligence (+8).
   -Tele:     It prevents most forms of teleportation.
   rCorr:     It protects you from acid and corrosion.
Scrolls
 b - 2 scrolls of butterflies
 e - a scroll of amnesia {unknown}
 f - a scroll of identify {unknown}
Potions
 d - a potion of ambrosia {unknown}
 h - a potion of might {unknown}


   Skills:
 * Level 2.1 Fighting
 * Level 4.6 Ranged Weapons
 * Level 1.1 Armour
 * Level 1.9 Dodging
 + Level 0.8 Stealth


You had 2 spell levels left.
You didn't know any spells.
Your spell library was empty.

Dungeon Overview and Level Annotations

Branches:
Dungeon (3/15)

Altars:


Innate Abilities, Weirdness & Mutations

You have very sharp fingernails.


Message History

The jackal barely misses you. The jackal attacks as you move away!
The jackal bites you but does no damage.
You shoot an arrow. The arrow closely misses the jackal. x2
The jackal bites you but does no damage. x2
You shoot an arrow.
The arrow hits the jackal but does no damage.
The jackal closely misses you. The jackal barely misses you.
You shoot an arrow.
The arrow hits the jackal but does no damage.
The jackal closely misses you. The jackal misses you.
You shoot an arrow. The arrow hits the jackal.
The jackal is moderately wounded.
The jackal barely misses you. The jackal misses you.
You shoot an arrow. The arrow barely misses the jackal.
The arrow hits the jackal.
The jackal is moderately wounded.
The jackal barely misses you.
The jackal bites you but does no damage.
You shoot an arrow. The arrow hits the jackal!
You kill the jackal!
The jackal barely misses you.
You shoot an arrow. The arrow misses the jackal.
The arrow hits the gnoll.
The gnoll is lightly wounded.
The jackal closely misses you.
The gnoll hits you from afar with a +0 spear.
The jackal bites you.
* * * LOW HITPOINT WARNING * * *
You shoot an arrow. The arrow hits the jackal!
You kill the jackal!
The gnoll hits you from afar with a +0 spear.
* * * LOW HITPOINT WARNING * * *
The gnoll hits you but does no damage. The gnoll hits you with a +0 spear.
* * * LOW HITPOINT WARNING * * *
Things that are here:
a jackal corpse; a jackal corpse You shoot an arrow.
The arrow closely misses the gnoll.
The gnoll hits you with a +0 spear!
You die...

..........
.........
#.........
####.# ..
#..).# ..
#.#### .# ##.#
##..#
####..####...#
#......g@..#
....##..######
.## #.## ...
#... #....
...... .##.


You could see a gnoll.

Vanquished Creatures
  2 adders (D:2)
  A worm (D:2)
  A dart slug (D:2)
  An orc (D:3)
  4 bats
  2 endoplasms (D:1)
  3 hobgoblins
  2 jackals (D:3)
  3 kobolds
  2 quokkas
  4 ball pythons
  3 frilled lizards
  3 goblins
  A rat (D:2)
32 creatures vanquished.

Notes
Turn   | Place    | Note
-------+----------+-------------------------------------------
     0 | D:1      | gelatine the Demonspawn Hunter began the quest for the Orb.
     0 | D:1      | Reached XP level 1. HP: 16/16 MP: 1/1
   280 | D:1      | Gained mutation: You have sharp fingernails. [demonic
                  | ancestry]
   280 | D:1      | Reached XP level 2. HP: 22/22 MP: 2/2
   336 | D:1      | Reached skill level 4 in Ranged Weapons
   895 | D:2      | Gained mutation: You have very sharp fingernails. [demonic
                  | ancestry]
   895 | D:2      | Reached XP level 3. HP: 27/27 MP: 3/3
   925 | D:2      | Reached skill level 1 in Armour
   927 | D:2      | Identified the +3 ring mail "Diynem" {-Tele rCorr Int+8}
  1029 | D:2      | You fall into a shaft and drop 1 floor!
  1059 | D:3      | Mangled by a gnoll

Illustrated notes

Levels and vault maps discovered:
D:1:      lightli_arrival_isolated_outpost, layout_basic
D:2:      layout_rooms, shapermc_ecumenical_altar_acropolis, serial_shops, shop
D:3:      lemuel_castle_with_subvaults [lemuel_castle_interior_original],
          layout_rooms, reono_crystal_passage

Skill      XL: |  1  2  3 |
---------------+----------+-----
Ranged Weapons | 4 |  4.6
Armour         | 1 |  1.1
Fighting       | |  2.1
Dodging        | |  1.9
Stealth        | |  0.8

Action                     || total
---------------------------++-------
   Fire: Shortbow          ||    94
 Armour: Leather armour    ||     2
         Ring mail         ||    12
  Dodge: Dodged            ||    53

Table legend: (Time is in decaauts)
 A = Elapsed time spent in this place.
 B = Non-inter-level travel time spent in this place.
 C = Inter-level travel time spent in this place.
 D = Time resting spent in this place.
 E = Time spent auto-exploring this place.
 F = Levels seen in this place.
 G = Mean time per level.
                   A        B        C        D        E       F      G
               +--------+--------+--------+--------+--------+-----+--------+
         Total |   1087 |   1061 |     26 |      0 |    849 |   3 |  362.3 |
       Dungeon |   1087 |   1061 |     26 |      0 |    849 |   3 |  362.3 |
               +--------+--------+--------+--------+--------+-----+--------+

Top non-repeatable levels by time:
     D:1: 851 daAuts
     D:2: 200 daAuts
     D:3: 34 daAuts
